AoeStats
← vagabond94

Arena

510507037Analyzed
1v1 RM · 14h ago on Oct 1, 2026· 37m 59s· 2 players
Game mode
Random Map
Map size
Tiny (2 player)
Population
200
Speed
Normal
Resources
Standard
Victory
Conquest
Starting age
Dark Age
Ending age
Imperial Age
RankedLock teamsTeams togetherTeam positionsShared explorationLock speedFull tech treeHidden civsTurbo modeCheats
Victory
Defeat
🇩🇪 Varangians · Germany
1316
+14
🇹🇷 Turks · Türkiye
1266
-14
vagabond94
10:17 Feudal Age
14:00 Castle Age
12:59 Double-Bit Axe
14:07 Horse Collar
23:13 Bow Saw
24:01 Loom
24:52 Wheelbarrow
24:29 Heavy Plow
28:31 Imperial Age
27:29 Scale Barding Armor
27:35 Forging
28:14 Bloodlines
29:15 Chain Barding Armor
29:45 Conscription
30:04 Gothikon
32:29 Iron Casting
34:18 Plate Barding Armor
34:41 Gold Mining
37:05 Blast Furnace
37:37 Elite Jarl
Crownda Buffalo siken KURT
10:18 Feudal Age
15:25 Castle Age
24:56 Double-Bit Axe
31:02 Imperial Age
29:37 Fletching
33:53 Gold Mining
33:53 Stone Mining
34:11 Town Watch
35:02 Wheelbarrow
34:12 Loom
35:53 Horse Collar
Connection lost

Rejoining the realm…

Still unreachable

The connection could not be restored.

Session expired

The server has moved on; the page needs a fresh start.